 Dungeon Crawl Stone Soup version 0.24.0-123-gd5b16e6ec5 (webtiles) character file.

Game seed: 18332396266526902241, levelgen mode: deterministic

4 MisterOstroum the Firebug (level 1, -6/13 HPs)
             Began as a Demonspawn Fire Elementalist on Jan 12, 2020.
             Mangled by a gnoll
             ... wielding a +0 halberd
              (9 damage)
             ... on level 1 of the Dungeon.
             The game lasted 00:03:38 (153 turns).

MisterOstroum the Firebug (DsFE)                     Turns: 153, Time: 00:03:39

Health: -6/13      AC:  2    Str:  8    XL:     1   Next: 58%
Magic:  1/3        EV: 12    Int: 16    God:
Gold:   14         SH:  0    Dex: 13    Spells: 3/4 levels left

rFire    . . .     SeeInvis .   (no weapon)
rCold    . . .     Gourm    .   (no shield)
rNeg     . . .     Faith    .   a - +0 robe
rPois    .         Spirit   .   (no helmet)
rElec    .         Reflect  .   (no cloak)
rCorr    .         Harm     .   (no gloves)
MR       .....                  (no boots)
Stlth    ++........             (no amulet)
HPRegen  0.04/turn              (no ring)
MPRegen  0.08/turn              (no ring)

@: no status effects
A: no striking features
a: no special abilities


You were on level 1 of the Dungeon.
You were not hungry.

You visited 1 branch of the dungeon, and saw 1 of its levels.

You collected 14 gold pieces.

Inventory:

Armour
 a - a +0 robe (worn)
Comestibles
 e - a ration


   Skills:
 - Level 1.7 Dodging
 - Level 1.7 Stealth
 - Level 2.0 Spellcasting
 * Level 1.5 Conjurations
 + Level 2.8 Fire Magic


You had 3 spell levels left.
You knew the following spells:

 Your Spells              Type           Power        Failure   Level  Hunger
a - Flame Tongue          Conj/Fire      #....        9%          1    #......

Your spell library contained the following spells:

 Spells                   Type           Power        Failure   Level  Hunger
 Throw Flame              Conj/Fire      #.....       13%         2    ###....
 Conjure Flame            Conj/Fire      #.......     26%         3    ###....
 Inner Flame              Hex/Fire       #.......     34%         3    ###....
 Sticky Flame             Conj/Fire      #.......     65%         4    #####..
 Fireball                 Conj/Fire      #.........   94%         5    ######.


Dungeon Overview and Level Annotations

Branches:
Dungeon (1/15)

Altars:


Message History

Aim: a hobgoblin (severely wounded)
The flame tongue hits the hobgoblin.
You kill the hobgoblin!
Found 10 gold pieces.
You see here a hobgoblin corpse.
You butcher the hobgoblin corpse.
A hobgoblin comes into view.
Things that are here:
3 chunks of flesh; a hobgoblin skeleton You start resting.
Your magical contamination has completely faded away.
Magic restored.
The hobgoblin is too close now for your liking.
Things that are here:
3 chunks of flesh; a hobgoblin skeleton
Casting: Flame Tongue (safe; 10% risk of failure)
Confirm with . or Enter, or press ? or * to list all spells.
Aiming: Flame Tongue (safe; 10% risk of failure)
Press: ? - help, Shift-Dir - straight line, f - hobgoblin
Aim: a hobgoblin The flame tongue hits the hobgoblin.
You kill the hobgoblin!
The gnoll is too close now for your liking.
A gnoll is nearby!
A leopard gecko comes into view. x2
The leopard gecko hisses angrily.
Casting: Flame Tongue (safe; 9% risk of failure)
Confirm with . or Enter, or press ? or * to list all spells.
Aiming: Flame Tongue (safe; 9% risk of failure)
Press: ? - help, Shift-Dir - straight line, f - leopard gecko
Aim: a leopard gecko (clinging)
You miscast Flame Tongue.
You are very lightly contaminated with residual magic.
You are momentarily dazzled by a flash of light!
Casting: Flame Tongue (safe; 9% risk of failure)
Confirm with . or Enter, or press ? or * to list all spells.
Aiming: Flame Tongue (safe; 9% risk of failure)
Press: ? - help, Shift-Dir - straight line, f/p - leopard gecko
Aim: a leopard gecko (clinging)
The flame tongue misses the leopard gecko.
The leopard gecko bites you.
Casting: Flame Tongue (safe; 9% risk of failure)
Confirm with . or Enter, or press ? or * to list all spells.
Aiming: Flame Tongue (safe; 9% risk of failure)
Press: ? - help, Shift-Dir - straight line, f/p - leopard gecko
Aim: a leopard gecko (clinging)
The flame tongue hits the leopard gecko.
The leopard gecko is heavily wounded.
The leopard gecko misses you.
You closely miss the leopard gecko.
The leopard gecko is heavily wounded.
The leopard gecko closely misses you. The leopard gecko bites you.
You hit the leopard gecko.
The leopard gecko is almost dead.
The leopard gecko bites you.
You barely miss the leopard gecko.
The leopard gecko is almost dead.
The leopard gecko bites you but does no damage.
You miss the leopard gecko.
The leopard gecko is almost dead.
The leopard gecko closely misses you.
You barely miss the leopard gecko.
The leopard gecko is almost dead.
The leopard gecko bites you.
* * * LOW HITPOINT WARNING * * *
You hit the leopard gecko.
You kill the leopard gecko!
The leopard gecko hisses angrily.
Casting: Flame Tongue (safe; 9% risk of failure)
Confirm with . or Enter, or press ? or * to list all spells.
Aiming: Flame Tongue (safe; 9% risk of failure)
Press: ? - help, Shift-Dir - straight line, f - leopard gecko
Aim: a leopard gecko (clinging)
You miscast Flame Tongue.
Your skin glows momentarily.
A hobgoblin comes into view. It is wielding a +0 club.
A ball python and a goblin come into view.
The goblin shouts!
The ball python hisses angrily.
Found a purple potion.
A leopard gecko comes into view.
The hobgoblin shouts!
You hear a shout!
Your magical contamination has completely faded away.
Casting: Flame Tongue (safe; 9% risk of failure)
Confirm with . or Enter, or press ? or * to list all spells.
Aiming: Flame Tongue (safe; 9% risk of failure)
Press: ? - help, Shift-Dir - straight line, f - gnoll, p - leopard gecko
Aim: a gnoll, wielding a +0 halberd The flame tongue hits the gnoll.
The gnoll is moderately wounded.
The goblin barely misses you.
Casting: Flame Tongue (safe; 9% risk of failure)
Confirm with . or Enter, or press ? or * to list all spells.
Aiming: Flame Tongue (safe; 9% risk of failure)
Press: ? - help, Shift-Dir - straight line, f/p - gnoll
Aim: a gnoll, wielding a +0 halberd (moderately wounded)
The flame tongue hits the gnoll.
The gnoll is severely wounded.
The gnoll hits you from afar with a +0 halberd!
Ouch! That really hurt!
You die...

#. ..#.......... ..
..#...#####
#.##.#...#>..#
#....#.....#.#
#..#.#.#####.#.g#
#..#.#.#.....#..#
#..#.#..<#...#.$#
#....#####...#..#
##.#lgSg@.g..#..#
#S###.#.....#..###$.
#.# #.#######†......
#g# #.......%..# #.#
#####.####.# #l#
#...# # #.#
###.#.###
#.###...#...#
#.....#####S#


You could see a gnoll, a leopard gecko, a hobgoblin, a goblin and a ball python.

Vanquished Creatures
  A leopard gecko (D:1)
  2 hobgoblins (D:1)
3 creatures vanquished.

Notes
Turn   | Place    | Note
-------+----------+-------------------------------------------
     0 | D:1      | MisterOstroum the Demonspawn Fire Elementalist began the
                  | quest for the Orb.
     0 | D:1      | Reached XP level 1. HP: 13/13 MP: 3/3
   153 | D:1      | Mangled by a gnoll

Levels and vault maps discovered:
D:1:      ebering_trefoil_twist, layout_loops_ring

Action                   || total
-------------------------++-------
Melee: Unarmed           ||     6
 Cast: Flame Tongue      ||     7
Armor: Robe              ||     1
Dodge: Dodged            ||     4
